 Dungeon Crawl Stone Soup version 0.31-a0-557-g6e16503903 (webtiles) character file.

Game seed: 3759959219981074728

218 ytrimaz the Sneak (level 5, -1/36 HPs)
             Began as an Octopode Shapeshifter on Aug 16, 2023.
             Slain by a gnoll
             ... wielding a +0 spear
              (7 damage)
             ... on level 2 of the Dungeon.
             The game lasted 00:01:15 (857 turns).

ytrimaz the Sneak (Octopode Shapeshifter)            Turns: 857, Time: 00:01:16

Health: -1/36      AC:  1    Str: 14    XL:     5   Next: 95%
Magic:  5/5        EV: 13    Int: 11    God:
Gold:   45         SH:  0    Dex: 14    Spells: 4/4 levels left

rFire   . .          .
                       - Unarmed
rCold   . . .        (no shield)
rNeg    . . .        (helmet currently unavailable)
rPois   .            (no amulet)
rElec   .            (no ring)
rCorr   .            (no ring)
SInv    .            (no ring)
Will    .....        (no ring)
Stlth   ++++         (no ring)
HPRegen 0.26/turn    (no ring)
MPRegen 0.09/turn    (no ring)
                     (no ring)

%: no passive effects
@: beast-form
A: beast (slay +2), almost no armour, amphibious, 8 rings, camouflage 1,
gelatinous body 1, (nimble swimmer 1), tentacles
a: Begin Untransformation


You were on level 2 of the Dungeon.
You were a hulking beast.
You visited 1 branch of the dungeon, and saw 2 of its levels.

You collected 45 gold pieces.


Innate Abilities, Weirdness & Mutations

You are a hulking beast.
Your limbs bulge with bestial killing power. (Slay +2)
You cannot wear most types of armour.
You are amphibious.
You can wear up to eight rings at the same time.
Your skin changes colour to match your surroundings (Stealth+).
Your rubbery body absorbs attacks. (AC +1, EV +1)
((You are camouflaged when in or above water. (Stealth+)))
You have tentacles for arms and can constrict up to eight enemies at once.


   Skills:
 + Level 2.8 Fighting
 - Level 2.0 Dodging
 * Level 5.5 Stealth
 + Level 4.1 Unarmed Combat
 - Level 3.0 Shapeshifting


You had 4 spell levels left.
You didn't know any spells.
Your spell library contained the following spells:

 Spells                   Type           Power      Damage    Failure   Level
 Inner Flame              Hex/Fire       0%         N/A       71%         3
 Flame Wave               Conj/Fire      0%         2d4       98%         4
 Sticky Flame             Conj/Fire      0%         2d3       98%         4

Inventory:

Talismans
 b - a beast talisman (active)
 c - a flux talisman
Scrolls
 f - a scroll of fear {unknown}
Potions
 a - a potion of haste {unknown}
 d - 2 potions of curing
 e - a potion of magic {unknown}

Dungeon Overview and Level Annotations

Branches:
Dungeon (2/15) Zot: 11145

Altars:

#.# ### #.# #.. .>#
#.# #.# #g# #.# #g#
#.# #g# #.# #h#
###.#####.# ##.##
#..#......#
#...###.#.#######
##.#.#.##.#.#.....#
#...........#.###.#
#..#.#.##..)†.#...###
#.#.........#.#......
#.##.####.........# #
### #†######.##


You could see 3 gnolls.


Message History

You smack Sigmund!
You kill Sigmund!
Your Fighting skill increases to level 2!
Your Stealth skill gained 2 levels and is now at level 5!
Your Unarmed Combat skill increases to level 4!
You have reached level 4!
You have reached level 5!
You feel clever. 😮 HP[+14] MP[+2]
You now have 54 max hp (+18).
You regained 14 hp, and now have 39/54 hp.
Your mp is fully restored (5).
You start resting.
Your transformation is almost over.
You feel less wooden.
You turn into a hulking beast. 😕 HP[-9]
You now have 36 max hp (-18).
Key pressed, stopping explore.
Unknown command. 😎 HP[+6]
Your hp is fully restored (36).
a - a bubbling black potion
f - a scroll labelled VUPTEI PEDYAWN Key pressed, stopping explore.
A hobgoblin comes into view.
A hobgoblin is nearby!
A rat comes into view.
There are monsters nearby!
There are monsters nearby!
There are monsters nearby!
The helpless hobgoblin fails to defend itself.
You tentacle-slap the hobgoblin.
You kill the hobgoblin!
A hobgoblin comes into view.
A ball python comes into view.
Unknown command.
Found a stone staircase leading down.
The helpless rat fails to defend itself.
You bludgeon the rat!
You kill the rat!
Unknown command.
Unknown command.
The helpless hobgoblin fails to defend itself.
You bludgeon the hobgoblin!
You kill the hobgoblin!
A kobold comes into view. It is wielding a +0 short sword.
Unknown command.
No target in view!
Unknown command.
No target in view!
Found a stone staircase leading down.
No target in view!
Unknown command.
No target in view!
No target in view!
Unknown command.
No target in view!
Unknown command.
The kobold misses you.
You tentacle-slap the kobold.
You kill the kobold!
Things that are here:
a +0 short sword; a kobold corpse No target in view!
You see here a hobgoblin corpse.
You see here a hobgoblin corpse.
A ball python is nearby!
A ball python is nearby!
A ball python is nearby! 2 gnolls come into view.
The helpless ball python fails to defend itself.
You tentacle-slap the ball python.
You kill the ball python!
The gnoll shouts! x2; You hear a shout!
A gnoll comes into view. It is wielding a +0 flail.
The gnoll hits you from afar with a +0 spear!
You are too injured to fight recklessly!
Unknown command. 😮 HP[-10]
You take 10 damage, and now have 26/36 hp.
MASSIVE DAMAGE!! (PAUSE)
You are too injured to fight recklessly!
The gnoll hits you from afar with a +0 halberd!
* * * LOW HITPOINT WARNING * * *
The gnoll barely misses you. 😨 HP[-11]
You take 11 damage, and now have 15/36 hp.
MASSIVE DAMAGE!! (PAUSE)
You tentacle-slap the gnoll. Your grab misses the gnoll.
The gnoll closely misses you. x2
You closely miss the gnoll. You grab the gnoll. You squeeze the gnoll.
You constrict the gnoll.
The gnoll barely misses you. x2 😨 HP[+1]
You are too injured to fight recklessly!
You feel better.
You constrict the gnoll.
The gnoll hits you from afar with a +0 halberd!
* * * LOW HITPOINT WARNING * * *
The gnoll hits you with a +0 spear!
You die...

Skill      XL: |  1  2  3 |
---------------+----------+-----
Stealth        | 1 2 5 |  5.5
Fighting       | 2 |  2.8
Unarmed Combat | 4 |  4.1
Dodging        | |  2.0
Shapeshifting  | |  3.0

Action                     |  1- 3 |  4- 6 || total
---------------------------+-------+-------++-------
  Melee: Unarmed           |    51 |     7 ||    58
         Tentacles         |    10 |     1 ||    11
         Constrict         |     9 |     1 ||    10
         Punch             |     1 |       ||     1
    Use: Potion            |     2 |     1 ||     3
         Scroll            |     1 |       ||     1
   Stab: Sleeping          |    10 |     4 ||    14
 Armour: Skin              |    13 |       ||    13
  Dodge: Dodged            |    19 |     6 ||    25

Levels and vault maps discovered:
D:1:      minmay_arrival_split_and_join, layout_basic,
          ebering_ecumenical_altar_mist
D:2:      layout_loops_ring, hangedman_decor_points, uniq_sigmund,
          uniq_crazy_yiuf_cottage, uniq_jessica

Notes
Turn   | Place    | Note
-------+----------+-------------------------------------------
     0 | D:1      | ytrimaz the Octopode Shapeshifter began the quest for the
                  | Orb.
     0 | D:1      | Reached XP level 1. HP: 13/13 MP: 1/1
     0 | D:1      | magus.rc [v1.9.6]
    38 | D:1      | Reached skill level 1 in Stealth
    99 | D:1      | Reached XP level 2. HP: 18/18 MP: 2/2
   156 | D:1      | Reached skill level 2 in Stealth
   287 | D:1      | Found a faded altar of an unknown god.
   334 | D:1      | Reached XP level 3. HP: 23/23 MP: 3/3
   354 | D:1      | You pick up a book of Flames and begin reading...
   354 | D:1      | You add the spells Inner Flame, Sticky Flame and Flame Wave
                  | to your library.
   682 | D:2      | Noticed Sigmund
   685 | D:2      | Reached skill level 3 in Stealth
   701 | D:2      | Killed Sigmund
   702 | D:2      | Reached skill level 2 in Fighting
   702 | D:2      | Reached skill level 5 in Stealth
   702 | D:2      | Reached skill level 4 in Unarmed Combat
   702 | D:2      | Reached XP level 4. HP: 30/30 MP: 4/4
   702 | D:2      | Reached XP level 5. HP: 36/36 MP: 5/5
   857 | D:2      | HP: 6/36 [gnoll/+0 halberd (17)]
   857 | D:2      | Slain by a gnoll

Vanquished Creatures
  Sigmund (D:2)
  2 adders (D:2)
  3 dart slugs (D:1)
  An endoplasm (D:1)
  A giant cockroach (D:2)
  3 goblins (D:1)
  5 hobgoblins
  4 kobolds
  3 quokkas (D:1)
  2 ball pythons
  4 bats
  2 frilled lizards (D:1)
  2 rats
33 creatures vanquished.

Table legend:
 A = Non-vault XP
 B = Vault XP
 C = Vault XP percentage of total XP
 D = Non-vault monster count
 E = Vault monster count
 F = Vault count percentage of total count
                 A         B        C        D         E       F
            +---------+---------+-------+---------+---------+-------
      Total |      81 |     231 |  74.0 |      32 |       1 |   3.0
            +---------+---------+-------+---------+---------+-------
        D:1 |      42 |       0 |   0.0 |      22 |       0 |   0.0
        D:2 |      39 |     231 |  85.6 |      10 |       1 |   9.1
            +---------+---------+-------+---------+---------+-------

Skill      XL: |  1  2  3 |
---------------+----------+-----
Stealth        | 1 2 5 |  5.5
Fighting       | 2 |  2.8
Unarmed Combat | 4 |  4.1
Dodging        | |  2.0
Shapeshifting  | |  3.0

Action                     |  1- 3 |  4- 6 || total
---------------------------+-------+-------++-------
  Melee: Unarmed           |    51 |     7 ||    58
         Tentacles         |    10 |     1 ||    11
         Constrict         |     9 |     1 ||    10
         Punch             |     1 |       ||     1
    Use: Potion            |     2 |     1 ||     3
         Scroll            |     1 |       ||     1
   Stab: Sleeping          |    10 |     4 ||    14
 Armour: Skin              |    13 |       ||    13
  Dodge: Dodged            |    19 |     6 ||    25

Illustrated notes

Table legend:
 A = Kills in this place as a percentage of kills in the entire game.
 B = Kills by you in this place as a percentage of kills by you in the entire game.
 C = Kills by friends in this place as a percentage of kills by friends in the entire game.
 D = Other kills in this place as a percentage of other kills in the entire game.
 E = Experience gained in this place as a percentage of experience gained in the entire game.
 F = Experience gained in this place divided by the number of levels of this place that you have seen.
                   A       B       C       D       E      F
               +-------+-------+-------+-------+-------+----------------------
         Total | 100.0 | 100.0 |   N/A |   N/A | 100.0 | 156.0
       Dungeon | 100.0 | 100.0 |   N/A |   N/A | 100.0 | 156.0
               +-------+-------+-------+-------+-------+----------------------

Table legend: (Time is in decaauts)
 A = Elapsed time spent in this place.
 B = Non-inter-level travel time spent in this place.
 C = Inter-level travel time spent in this place.
 D = Time resting spent in this place.
 E = Time spent auto-exploring this place.
 F = Levels seen in this place.
 G = Mean time per level.
                   A        B        C        D        E       F      G
               +--------+--------+--------+--------+--------+-----+--------+
         Total |    853 |    829 |     24 |     20 |    560 |   2 |  426.5 |
       Dungeon |    853 |    829 |     24 |     20 |    560 |   2 |  426.5 |
               +--------+--------+--------+--------+--------+-----+--------+

Top non-repeatable levels by time:
     D:1: 635 daAuts
     D:2: 217 daAuts
